← All builds
Suicide front / Armada / Factory first / OBSERVED BUILD

Standard suicide front

Armada Suicide front build order · Supreme Isthmus

The role's baseline: Bot Lab at 0:21 then straight into reclaim-fed T1 bot production to contest the middle and hold until T2 arrives, with an Advanced Metal Extractor around 9:45.

#rush · 2021 distinct matches · 231 players · 72% of Armada Suicide front games · team won 59% of 2397 · Recently observed

HOW TO PLAY IT

Key timing: Bot Lab by 0:20

  1. Open with mex and lab-first to get Bot Lab up by 0:20.
  2. Expand mex and wind while lab pumps units toward middle.
  3. Push Sentry and early Rocketeer, Centurion to contest middle.
  4. Get T2 constructor out once Pond's boost lets you spare metal.
  5. Upgrade mex to Advanced Metal Extractor as you transition off T1 spam.

Phase by phase

TYPICAL OF ITS 2021 GAMES
  1. 1
  2. 2
  3. 3
PLAY THE OPENING

Follow the example game's first 6:00 step by step: what to build now, what comes next, and where it goes. At 1× it keeps pace with your own game.

  1. 1

    Bot Lab first

    Order
    1. Bot LabBot Lab done ~0:21, middle half 0:20–0:33

    Some games also: mex (44%)

  2. 2

    Bot Lab to 5:00

    Economy
    • Metal Extractor5Mex
    • Wind Turbine4Wind
    Builders
    • Construction Bot3 Con bot
    • Lazarus2 Lazarus
    Army
    • Sentry4 Sentry
    • Rocketeer16 Rocketeer
    • Tick2 Tick
    • Centurion1 Centurion
    Other
    • Radar Tower1 Radar Tower

    Some games also: pawn (38%) · con turret (34%)

    By 5:00 in all: 5 mex · 4 wind

    The example game in this phase · 26 steps
    1. Construction BotCon bot
    2. RocketeerRocketeer
    3. LazarusLazarus ×2
    4. SentrySentry
    5. Construction BotCon bot ×3
    6. RocketeerRocketeer
    7. Mex
    8. RocketeerRocketeer ×4
    9. CenturionCenturion
    10. SentrySentry
    11. Wind
    12. RocketeerRocketeer
    13. Wind ×2
    14. TickTick
    15. RocketeerRocketeer ×3
    16. Radar TowerRadar Tower
    17. RocketeerRocketeer ×5
    18. TickTick
    19. RocketeerRocketeer ×3
    20. LazarusLazarus
    21. RocketeerRocketeer
    22. TickTick
    23. PawnPawn ×2
    24. TickTick
    25. LazarusLazarus
    26. PawnPawn ×2
  3. 3

    5:00 to 10:00

    Economy
    • Metal Extractor1Mex
    • Wind Turbine15Wind
    Builders
    • Construction Turret2 Con turret
    • Lazarus2 Lazarus
    • Construction Bot1 Con bot
    Army
    • Sentry1 Sentry
    • Rocketeer8 Rocketeer

    Some games also: pawn (49%) · Radar Tower (46%) · tick (45%) · centurion (44%) · energy storage (43%) · eat Bot Lab (31%)

    By 10:00 in all: 6 mex · 21 wind · 1 energy storage · 2 con turret

    The example game in this phase · 98 steps
    1. Con turret
    2. PawnPawn ×4
    3. BeamerBeamer ×2
    4. Energy storage
    5. Bot LabEat Bot Labreclaimed for its metal
    6. Converter ×2
    7. Wind ×3
    8. Bot LabBot Labdone 7:50
    9. Wind ×2
    10. TickTick
    11. BeamerBeamer
    12. Wind
    13. TickTick
    14. Wind
    15. TickTick
    16. Converter
    17. TickTick ×3
    18. Converter ×2
    19. TickTick
    20. Converter
    21. Construction BotCon bot
    22. Converter
    23. Wind
    24. Converter
    25. Wind
    26. TickTick
    27. Con turret
    28. CenturionCenturion
    29. Wind ×3
    30. TickTick
    31. LazarusLazarus
    32. TickTick
    33. Wind
    34. TickTick
    35. LazarusLazarus
    36. Mex
    37. Wind ×2
    38. CenturionCenturion
    39. Wind ×3
    40. TickTick
    41. Wind
    42. CenturionCenturion
    43. TickTick ×2
    44. CenturionCenturion
    45. TickTick ×2
    46. Wind
    47. TickTick
    48. CenturionCenturion
    49. Wind ×3
    50. TickTick ×2
    51. CenturionCenturion
    52. TickTick
    53. CenturionCenturion
    54. TickTick
    55. CenturionCenturion
    56. Wind
    57. TickTick
    58. CenturionCenturion
    59. TickTick ×2
    60. Wind
    61. TickTick
    62. Advanced Metal ExtractorT2 mexdone 12:26
    63. CenturionCenturion
    64. TickTick
    65. Wind ×3
    66. LazarusLazarus
    67. Advanced Metal ExtractorT2 mex
    68. Wind
    69. TickTick ×2
    70. Wind
    71. TickTick
    72. Wind
    73. TickTick ×3
    74. Wind
    75. Advanced Metal ExtractorT2 mex
    76. TickTick
    77. Construction BotCon bot
    78. Mex
    79. Wind ×3
    80. TickTick ×4
    81. Wind
    82. TickTick
    83. LazarusLazarus
    84. Wind
    85. LazarusLazarus
    86. Wind
    87. LazarusLazarus ×2
    88. Wind
    89. LazarusLazarus
    90. Wind
    91. PersecutorPersecutornot finished by 15:00
    92. TickTick ×2
    93. Wind
    94. ScorpionScorpion
    95. TickTick
    96. Wind
    97. BeamerBeamer
    98. TickTick

Counts are medians over the build's games: half of them build more, half fewer. The example game is Taeze's (35 OS, 13/08/2026); pick another.

Team trades

IN AT LEAST 30% OF ITS GAMES

You hand over

Nothing regular.

You get

  • Tidal Generator4 Tidal from Pondfirst at 0:10 · in 68% of games
  • Advanced Construction Bot1 T2 con bot from Geo or Techfirst at 7:41 · in 57% of games

How it plays out

Typical game of this build, running totals by minute

Metal produced

010k20k
0:005:0010:0015:00

metal

Enemy metal destroyed

05k10k
0:005:0010:0015:00

metal

Own metal lost

05k10k
0:005:0010:0015:00

metal

2397 games.

Show as table
ByMetal produced: This buildEnemy metal destroyed: This buildOwn metal lost: This build
1:0023000
2:0088700
3:002008184130
4:003109645502
5:00418413531000
6:00534721811707
7:00653930502590
8:00776039343500
9:00904646874371
10:001041853095153
11:001189458575965
12:001360364066685
13:001540768767439
14:001729875058212
15:001926981098997
WHAT THE NUMBERS SAY

Standard Suicide front play wins a bit over half its games while taking the heaviest own losses of any role by 15:00.

  • + Produces 20142 metal by 15:00, highest of the front roles.
  • + First kill by 2:01 in all games, fastest contest of middle.
  • − Own metal lost hits 9178 by 15:00, more than enemy metal destroyed.
  • − Only 34% Rocketeer share shows army spread thin across many bot types.
THE EXAMPLE YOU ARE READING

Taeze

34.8 OS · 13/08/2026

Open source match ↗

6 received units · includes a constructor
18 metal received · 82833 energy received

Allied construction assistance is unknown. Timings are observations, not a promise of solo reproducibility.

Typical milestones

Bot Lab0:21Middle 50%: 0:20–0:33 · n=2389
Advanced Metal Extractor9:46Middle 50%: 8:50–10:58 · n=1734

Played most by

_X_263games of this buildPlatinumBlonde188games of this buildXad166games of this buildTrapCaT107games of this buildSoliloqueur81games of this build